 Dungeon Crawl Stone Soup version 0.29-a0-88-g03a7b78be7 (webtiles) character file.

Game seed: 5362546706083662503

63 Hubjo the Sneak (level 3, -1/26 HPs)
             Began as a Vampire Enchanter on Feb 5, 2022.
             Was a Follower of Cheibriados.
             Slain by an orc (5 damage)
             ... on level 4 of the Dungeon.
             The game lasted 00:07:09 (1838 turns).

Hubjo the Sneak (Vampire Enchanter)                 Turns: 1838, Time: 00:07:09

Health: -1/26      AC:  2    Str: 10    XL:     3   Next: 89%
Magic:  6/6        EV: 13    Int: 26    God:    Cheibriados [*.....]
Gold:   111        SH:  0    Dex: 19    Spells: 0/6 levels left

rFire   . . .      SeeInvis +   h - +2 whip (vamp)
rCold   . . .      Faith    .   (no shield)
rNeg    . . .      Spirit   .   b - +0 robe
rPois   .          Reflect  .   (no helmet)
rElec   .          Harm     .   (no cloak)
rCorr   +          Rampage  .   (no gloves)
Will    .....                   (no boots)
Stlth   +.........              (no amulet)
HPRegen 0.28/turn               j - +6 ring of intelligence
MPRegen 0.10/turn               l - ring of resist corrosion

@: confused, healing quickly, very slow
A: alive, fangs 3, see invisible, vampiric 2
a: Exsanguinate, Renounce Religion, Bend Time


You were on level 4 of the Dungeon.
You worshipped Cheibriados.
Cheibriados was aware of your devotion.
You visited 1 branch of the dungeon, and saw 4 of its levels.

You collected 111 gold pieces.

Inventory:

Hand Weapons
 a - a +1 dagger
 h - a +2 vampiric whip (weapon)
Missiles
 f - 2 boomerangs
 g - 7 poisoned darts (quivered)
Armour
 b - a +0 robe (worn)
Jewellery
 j - a +6 ring of intelligence (left hand)
 l - a ring of resist corrosion (right hand)
 o - a +6 ring of dexterity
Scrolls
 i - a scroll of teleportation {unknown}
 k - a scroll of noise {unknown}
 m - a scroll of enchant armour {unknown}
 n - a scroll of holy word {unknown}
 p - a scroll of amnesia {unknown}
Potions
 c - a potion of invisibility
 d - 3 potions of flight
 e - a potion of might {unknown}


   Skills:
 * Level 1.5 Fighting
 + Level 1.8 Short Blades
 + Level 2.5 Dodging
 * Level 5.5 Stealth
 - Level 2.0 Spellcasting
 + Level 4.8 Hexes


You couldn't memorise any spells.
You knew the following spells:

 Your Spells              Type           Power      Damage    Failure   Level
a - Tukima's Dance        Hex            27%        N/A       4%          3
b - Dazzling Flash        Conj/Hex       30%        N/A       12%         3

Your spell library contained the following spells:

 Spells                   Type           Power      Damage    Failure   Level
 Confusing Touch          Hex            27%        N/A       4%          3
 Ensorcelled Hibernation  Hex/Ice        30%        N/A       6%          2


Dungeon Overview and Level Annotations

Branches:
Dungeon (4/15)
 Temple: D:4-7

Altars:
Cheibriados
Wu Jian


Innate Abilities, Weirdness & Mutations

Your natural rate of healing is accelerated.
You have razor-sharp teeth.
You have supernaturally acute eyesight. (SInv)
You are afflicted with vampirism and can become a bat while bloodless.


Message History

HP restored.
There is an open door here.
Throw: 10 darts (poison)
Press: ? - help, Q - select action, (/) - cycle Shift-Dir - straight line, f - orc wizard
Aim: an orc wizard, wielding a +0 dagger and wearing a +0 robe (asleep, 98% to hit)
You throw a poisoned dart. The poisoned dart hits the orc wizard.
The orc wizard is poisoned.
The orc wizard shouts!
The orc wizard gestures wildly while chanting.
The orc wizard flickers and vanishes for a moment.
Throw: 9 darts (poison)
Press: ? - help, Q - select action, (/) - cycle Shift-Dir - straight line, f/p - orc wizard
Aim: an orc wizard, wielding a +0 dagger and wearing a +0 robe (slightly transparent, poisoned, 53% to hit)
You throw a poisoned dart.
The poisoned dart closely misses the orc wizard.
The orc shouts!
Throw: 8 darts (poison)
Press: ? - help, Q - select action, (/) - cycle Shift-Dir - straight line, f/p - orc wizard
Aim: an orc wizard, wielding a +0 dagger and wearing a +0 robe (lightly wounded, slightly transparent, poisoned, 53% to hit)
You throw a poisoned dart. The poisoned dart hits the orc wizard.
The orc wizard looks even sicker.
The orc wizard is lightly wounded.
The orc wizard points at you and mumbles some strange words.
You resist with some effort.
There is an open door here.
The orc wizard looks more healthy.
The orc wizard casts a spell at you. The puff of flame hits you!
The orc hits you with a +0 whip.
The orc wizard gestures at you while chanting.
The magic dart hits you. The orc wizard casts a spell at you.
You are confused.
The orc wizard points at you and mumbles some strange words.
The puff of flame hits you.
* * * LOW HITPOINT WARNING * * *
The orc hits you with a +0 whip.
* * * LOW HITPOINT WARNING * * *
The orc hits you with a +0 whip.
You die...

.#........#.....# #...........
.#........#.....# #..#.#......
.#........#.....# #..#.#......
#........#####.######..#.#......
#########.....#.##.#....#.#+#####
#.......#.....#....#....#.######.
#.......#.....#....#....#^.......
'.......#.....#....#....#######..
#.......#.....#.@..#.....#.....#.
#.......#.....#oo..#.....'.....+.
#.......#.....'....#.....#.....#.
#......##.....#..###.....########
#......#.....##..####'##.....###.
#......#.....#.........#.....#...
#......'.....+.........#.....#...
#......#.....#.........#.....#...
########.....######....#.....#'##


You could see an orc wizard (invisible) and an orc.

Vanquished Creatures
  3 adders
  An orc (D:4)
  7 bats
  5 endoplasms
  2 giant cockroaches
  A goblin (D:4)
  5 hobgoblins
  A kobold (D:2)
  A quokka (D:3)
  4 ball pythons
  2 frilled lizards
  2 rats
34 creatures vanquished.

Notes
Turn   | Place    | Note
-------+----------+-------------------------------------------
     0 | D:1      | Hubjo the Vampire Enchanter began the quest for the Orb.
     0 | D:1      | Reached XP level 1. HP: 13/13 MP: 3/3
   162 | D:1      | Reached XP level 2. HP: 20/20 MP: 5/5
   244 | D:2      | Reached skill level 1 in Fighting
   252 | D:2      | Reached skill level 5 in Stealth
   522 | D:2      | Gained mutation: You are afflicted with vampirism and can
                  | become a bat while bloodless. [Vampire growth]
   522 | D:2      | Reached XP level 3. HP: 26/26 MP: 6/6
   619 | D:3      | Found an ornate altar of the Wu Jian Council.
   682 | D:3      | Found a faded altar of an unknown god.
   716 | D:3      | Prayed at the altar of an unknown god.
   716 | D:3      | Became a worshipper of Cheibriados the Contemplative
   716 | D:3      | Reached * piety under Cheibriados
   842 | D:3      | Identified the +3 whip "Mimyxut" {flame, rC+}
  1216 | D:4      | Learned a level 3 spell: Tukima's Dance
  1220 | D:4      | Learned a level 3 spell: Dazzling Flash
  1838 | D:4      | Slain by an orc

Illustrated notes

Levels and vault maps discovered:
D:1:      lemuel_arrival_rhombus, layout_loops_ring, minmay_tripent
D:2:      layout_loops_ring, amcnicky_mini_corridor_feature
D:3:      layout_basic, nicolae_wu_jian_wuxing_cycle,
          hellmonk_ecumenical_altar_run_dry
D:4:      layout_gridville, corner_web_ring

Skill      XL: |  1  2 |
---------------+-------+-----
Fighting       | 1 |  1.5
Stealth        | 5 |  5.5
Short Blades   | |  1.8
Dodging        | |  2.5
Spellcasting   | |  2.0
Hexes          | |  4.8

Action                   || total
-------------------------++-------
Melee: Dagger            ||    66
       Bite              ||     9
       Whip              ||    65
       Punch             ||     1
Throw: Boomerang         ||     2
       Dart              ||     3
  Use: Scroll            ||     1
 Stab: Sleeping          ||    13
Armor: Robe              ||    28
Dodge: Dodged            ||    86

Table legend: (Time is in decaauts)
 A = Elapsed time spent in this place.
 B = Non-inter-level travel time spent in this place.
 C = Inter-level travel time spent in this place.
 D = Time resting spent in this place.
 E = Time spent auto-exploring this place.
 F = Levels seen in this place.
 G = Mean time per level.
                   A        B        C        D        E       F      G
               +--------+--------+--------+--------+--------+-----+--------+
         Total |   2205 |   1916 |    289 |    267 |   1142 |   4 |  551.2 |
       Dungeon |   2205 |   1916 |    289 |    267 |   1142 |   4 |  551.2 |
               +--------+--------+--------+--------+--------+-----+--------+

Top non-repeatable levels by time:
     D:4: 834 daAuts
     D:3: 756 daAuts
     D:2: 385 daAuts
     D:1: 229 daAuts
